 Dungeon Crawl Stone Soup version 0.28-b1-25-g9875b3fc8c (webtiles) character file.

Game seed: 6229094440862070912

543 Kaptain the Digger (level 7, -4/40 HPs)
             Began as a Gargoyle Earth Elementalist on Feb 2, 2022.
             Killed by divine providence
             ... invoked by an orc priest
              (12 damage)
             ... on level 4 of the Dungeon.
             The game lasted 00:06:23 (3435 turns).

Kaptain the Digger (Gargoyle Earth Elementalist)    Turns: 3435, Time: 00:06:24

Health: -4/40      AC:  8    Str: 11    XL:     7   Next: 27%
Magic:  0/13       EV: 12    Int: 18    God:
Gold:   139        SH:  0    Dex: 10    Spells: 10/14 levels left

rFire   . . .      SeeInvis .   g - +0 quarterstaff
rCold   . . .      Faith    .   (shield currently unavailable)
rNeg    + . .      Spirit   .   b - +0 robe
rPois   ∞          Reflect  .   (no helmet)
rElec   +          Harm     .   (no cloak)
rCorr   .          Rampage  .   (no gloves)
Will    .....                   j - +0 pair of boots
Stlth   ++........              (no amulet)
HPRegen 0.13/turn               (no ring)
MPRegen 0.13/turn               (no ring)

@: no status effects
A: sickness immunity, AC +4, negative energy resistance 1, electricity
resistance, torment resistance 1, petrification resistance
a: no special abilities


You were on level 4 of the Dungeon.
You visited 1 branch of the dungeon, and saw 4 of its levels.

You collected 139 gold pieces.

Inventory:

Hand Weapons
 e - a +0 short sword
 g - a +0 quarterstaff (weapon)
Missiles
 c - 71 stones
Armour
 b - a +0 robe (worn)
 j - a +0 pair of boots (worn)
Wands
 l - a wand of flame (31)
 o - a wand of charming (2)
 p - a wand of mindburst (13)
Scrolls
 a - a scroll of fog
 h - a scroll of enchant armour {unknown}
 i - a scroll of summoning {unknown}
 k - 2 scrolls of teleportation {unknown}
 m - a scroll of torment {unknown}
 q - a scroll of amnesia {unknown}
 r - a scroll of immolation {unknown}
Potions
 d - 3 potions of brilliance
 f - a potion of berserk rage
 n - 2 potions of resistance


   Skills:
 + Level 2.4 Fighting
 + Level 2.4 Armour
 + Level 2.6 Dodging
 + Level 3.6 Stealth
 * Level 4.0 Spellcasting
 - Level 0.7 Transmutations
 * Level 5.8 Earth Magic


You had 10 spell levels left.
You knew the following spells:

 Your Spells              Type           Power      Damage    Failure   Level
a - Sandblast             Erth           48%        2d12      1%          1
b - Stone Arrow           Conj/Erth      28%        3d8       13%         3

Your spell library contained the following spells:

 Spells                   Type           Power      Damage    Failure   Level
 Passwall                 Tmut/Erth      12%        N/A       6%          2
 Petrify                  Tmut/Erth      15%        N/A       36%         4
 Call Canine Familiar     Summ           3%         N/A       41%         3
 Portal Projectile        Hex/Tloc       6%         N/A       41%         3
 Leda's Liquefaction      Hex/Erth       7%         N/A       41%         4


Dungeon Overview and Level Annotations

Branches:
Dungeon (4/15)
 Temple: D:4-7

Altars:
Beogh


Innate Abilities, Weirdness & Mutations

You are immune to sickness and miasma.
Your stone body is resilient. (AC +4)
You are immune to poison.
You resist negative energy. (rN+)
You are resistant to electric shocks. (rElec)
You are resistant to unholy torment.
You are immune to petrification.


Message History

The orc priest calls down the wrath of Beogh upon you.
Beogh smites you!
Items here: ))) [[.
Casting: Sandblast (safe; 1% risk of failure)
Confirm with . or Enter, or press ? or * to list all spells.
Aiming: Sandblast (safe; 1% risk of failure)
Press: ? - help, Shift-Dir - straight line, f - orc priest
Aim: an orc priest, wielding a +0 club and wearing a +0 ring mail (83% to hit)
The blast of sand misses the orc priest.
Casting: Sandblast (safe; 1% risk of failure)
Confirm with . or Enter, or press ? or * to list all spells.
Aiming: Sandblast (safe; 1% risk of failure)
Press: ? - help, Shift-Dir - straight line, f/p - orc priest
Aim: an orc priest, wielding a +0 club and wearing a +0 ring mail (83% to hit)
The blast of sand hits the orc priest.
The orc priest is lightly wounded.
Casting: Sandblast (safe; 1% risk of failure)
Confirm with . or Enter, or press ? or * to list all spells.
Aiming: Sandblast (safe; 1% risk of failure)
Press: ? - help, Shift-Dir - straight line, f/p - orc priest
Aim: an orc priest, wielding a +0 club and wearing a +0 ring mail (lightly wounded, 83% to hit)
The blast of sand hits the orc priest but does no damage.
The orc priest is lightly wounded.
The orc priest completely misses you.
Casting: Sandblast (safe; 1% risk of failure)
Confirm with . or Enter, or press ? or * to list all spells.
Aiming: Sandblast (safe; 1% risk of failure)
Press: ? - help, Shift-Dir - straight line, f/p - orc priest
Aim: an orc priest, wielding a +0 club and wearing a +0 ring mail (lightly wounded, 83% to hit)
The blast of sand hits the orc priest.
The orc priest is moderately wounded.
The orc priest casts a cantrip, but nothing happens.
You hit the orc priest.
The orc priest is heavily wounded.
The orc priest calls down the wrath of Beogh upon you.
Beogh smites you!
* * * LOW HITPOINT WARNING * * *
The orc priest mumbles some strange prayers to Beogh against you.
Beogh smites you!
You die...

........#...#......#
........#####......#
........'...#......#
........#...########
........#...# #
#+#######...# .#
#......# .#
#......##..##
#......@o...#
##.....##...#
#.....# .##
........# #
......... .##.....#
#.....# ......#


You could see an orc priest.

Vanquished Creatures
  Grinder (D:3)
  A necrophage (D:4)
  3 orc priests (D:4)
  Natasha (twice) (D:2)
  3 gnolls (D:3)
  2 adders
  A worm (D:2)
  7 orcs
  6 endoplasms
  2 giant cockroaches
  11 goblins
  5 hobgoblins
  4 jackals (D:2)
  2 kobolds (D:1)
  2 quokkas
  4 ball pythons
  7 bats
  4 frilled lizards
  3 rats
70 creatures vanquished.

Notes
Turn   | Place    | Note
-------+----------+-------------------------------------------
     0 | D:1      | Kaptain the Gargoyle Earth Elementalist began the quest for
                  | the Orb.
     0 | D:1      | Reached XP level 1. HP: 10/10 MP: 3/3
   157 | D:1      | Reached XP level 2. HP: 16/16 MP: 3/5
   714 | D:1      | Reached skill level 4 in Earth Magic
   763 | D:1      | Found a faded altar of an unknown god.
   969 | D:1      | Reached XP level 3. HP: 19/20 MP: 6/6
   973 | D:1      | Learned a level 3 spell: Stone Arrow
  1514 | D:2      | Noticed Natasha
  1519 | D:2      | Killed Natasha
  1520 | D:2      | Reached skill level 1 in Fighting
  1520 | D:2      | Reached XP level 4. HP: 14/25 MP: 4/7
  1759 | D:2      | Noticed Natasha
  1764 | D:2      | Killed Natasha
  1765 | D:2      | Reached skill level 1 in Armour
  2154 | D:3      | Reached XP level 5. HP: 29/29 MP: 6/9
  2781 | D:3      | Noticed Grinder
  2790 | D:3      | Killed Grinder
  2791 | D:3      | Reached skill level 5 in Earth Magic
  2791 | D:3      | Reached XP level 6. HP: 19/35 MP: 0/11
  3232 | D:4      | Noticed a necrophage
  3237 | D:4      | Killed a necrophage
  3238 | D:4      | Reached XP level 7. HP: 40/40 MP: 8/12
  3435 | D:4      | Killed from afar by an orc priest

Illustrated notes

Levels and vault maps discovered:
D:1:      mrwooster_arrival_statue_2, layout_basic,
          hellmonk_ecumenical_altar_defaced_shrine, minmay_tetromino_i2
D:2:      layout_loops_ring, uniq_natasha
D:3:      layout_basic, saegor_snake_ambush, uniq_grinder
D:4:      kennysheep_big_flooded_room, layout_gridville, uniq_edmund

Skill      XL: |  1  2  3  4  5  6  7 |
---------------+----------------------+-----
Earth Magic    | 4 5 |  5.8
Fighting       | 1 2 |  2.4
Armour         | 1 2 |  2.4
Dodging        | 2 |  2.6
Stealth        | 3 |  3.6
Spellcasting   | 3 4 |  4.0
Transmutations | |  0.7

Action                   |  1- 3 |  4- 6 |  7- 9 || total
-------------------------+-------+-------+-------++-------
Melee: Short sword       |    20 |       |       ||    20
       Quarterstaff      |    26 |       |     1 ||    27
 Cast: Sandblast         |    30 |    54 |    24 ||   108
  Use: Scroll            |       |     4 |       ||     4
 Stab: Sleeping          |     2 |       |       ||     2
Armor: Robe              |    17 |     4 |     2 ||    23
Dodge: Dodged            |    33 |    11 |     1 ||    45
